[Event "Czech Championship 2022"]
[Site "Usti nad Labem"]
[Date "2022.05.15"]
[Round "2.19"]
[White "Sykora, Marek"]
[Black "Paulus, Vaclav"]
[Result "1-0"]
[ECO "B25"]
[WhiteElo "2249"]
[BlackElo "2093"]
[Annotator "TA"]
[PlyCount "83"]
[EventDate "2022.05.12"]
[EventType "swiss"]
[EventCountry "CZE"]
[SourceTitle "playchess.com"]
[Source "ChessBase"]
[SourceQuality "1"]
[TimeControl "40/5400+30:1800+30"]

1. e4 c5 2. Nc3 Nc6 3. g3 g6 4. Bg2 Bg7 5. d3 d6 6. f4 e6 7. Nf3 Nge7 8. O-O O-O 9. Be3 Rb8 {[%emt 0:00:05] 9...b6 is a critical line.} 10. Qd2 b5 11. Bf2 b4 {[%emt 0:02:50] B25: Closed Sicilian: 3 g3, lines without early Be3.} 12. Nd1 a5 {[%emt 0:01:53][%cal Ba7a5,Ba5a4][%mdl 32] [#]} 13. c3 $146 ({Predecessor:} 13. Re1 Qc7 14. g4 f5 15. exf5 exf5 16. g5 Bb7 17. c3 Rfe8 18. Ne3 bxc3 19. bxc3 {1-0 (33) Brettschneider,S (2276)-Moshtael,W (2210) Germany 2014}) 13... a4 {[%emt 0:02:50] Black is slightly better.} 14. d4 d5 15. exd5 Nxd5 16. dxc5 Ba6 17. Re1 a3 {[%emt 0:01:41] Strongly threatening ...axb2.} 18. bxa3 ({White should try} 18. Ne5 $15 axb2 19. Qxb2 Bxe5 20. fxe5) 18... bxc3 $17 19. Qc2 Ncb4 $2 20. axb4 $16 Nxb4 21. Qa4 Nd3 {[%emt 0:12:23] Threatens to win with ...c2.} 22. Ne5 c2 $2 {[%emt 0:03:30][%mdl 8192] [#]} (22... Nxe1 $15 23. Bxe1 (23. Qxa6 $2 c2 $19) 23... c2) 23. Ne3 (23. Qxa6 $2 Nxe1 24. Nc3 Bxe5 25. fxe5 Nd3 $19) (23. Nxd3 $1 $18 Bxd3 (23... Qxd3 24. Rc1) 24. Rc1) 23... Bxe5 (23... Nxf2 $16 {was worth a try.} 24. Qxa6 Bxe5 25. fxe5 Nd3) 24. fxe5 $18 Nxf2 25. Qxa6 Nd3 26. Nxc2 Nxe1 27. Rxe1 Rb2 28. Qc4 {[%emt 0:02:40] Hoping for Re2.} ({Stronger than} 28. Qe2 Qa5 29. Be4 Qxc5+ 30. Qf2 Rc8 $11) 28... Qd2 (28... Qa5 $16 {is a better defense.} 29. Rf1 Rb5) 29. Re2 Qd1+ (29... Qa5 {was called for.} 30. Bf3 Rfb8) 30. Kf2 Rd8 31. Qc3 {[%emt 0:03:40] Inhibits Rd2.} ({Less strong is} 31. Ne3 Rxe2+ 32. Qxe2 Qd4 $16) 31... Rb1 (31... Rxa2 $142 32. Be4 Rc8) 32. Qe1 Qxe1+ 33. Nxe1 ({Weaker is} 33. Rxe1 Rb5 34. c6 Rd2+ 35. Re2 Rxe2+ 36. Kxe2 Rxe5+ 37. Kd3 Kf8 $18) 33... Rc1 34. c6 Kf8 35. Be4 Rc4 36. Kf3 Ke7 37. Rb2 Rc3+ 38. Ke2 Ra3 $2 (38... Rd4) 39. Rb7+ {[%emt 0:00:48] White is clearly winning.} Ke8 40. c7 {[%emt 0:00:30] Intending Bc6+ and mate.} Rxa2+ 41. Ke3 {[%emt 0:32:33] White wants to mate with Bc6+.} Ra3+ 42. Kf4 {[%emt 0:00:16] Weighted Error Value: White=0.36/Black=0.61} 1-0

[Event "Czech Championship 2022"]
[Site "Usti nad Labem"]
[Date "2022.05.15"]
[Round "2.20"]
[White "Freisler, Pavel"]
[Black "Ret, Adam Josef"]
[Result "1/2-1/2"]
[ECO "E05"]
[WhiteElo "2239"]
[BlackElo "2093"]
[Annotator "TA"]
[PlyCount "104"]
[EventDate "2022.05.12"]
[EventType "swiss"]
[EventCountry "CZE"]
[SourceTitle "playchess.com"]
[Source "ChessBase"]
[SourceQuality "1"]
[TimeControl "40/5400+30:1800+30"]

1. d4 e6 2. Nf3 d5 3. c4 Nf6 4. g3 Be7 5. Bg2 O-O 6. O-O dxc4 7. Qc2 a6 8. a4 $1 {[%emt 0:08:40] 8.a4 is better than 8.Qxc4.} b6 9. Ne5 {[%emt 0:12:46] E05: Open Catalan: 5 Nf3 Be7.} Nd5 10. Qxc4 Bb7 11. Nc3 {[%emt 0:01:51] [#] Prevents b5. White is slightly better.} Ra7 $146 ({Predecessor:} 11... c6 12. Rd1 b5 13. Qb3 Nd7 14. axb5 axb5 15. Rxa8 Bxa8 16. Nxd5 exd5 17. Nd3 Qb6 {1-0 (33) Morovic Fernandez,I (2535)-Rodriguez Vargas,O (2500) Spain 1990}) 12. e4 Nxc3 13. bxc3 a5 14. Rd1 Ba6 15. Qb3 Bb7 16. Be3 Nd7 17. Nxd7 {[%emt 0:08:32] 0x0.00218a9ad1b7dp-1022s more active pieces. The black rooks are badly placed.} Qxd7 18. c4 Bb4 19. d5 e5 20. c5 bxc5 21. Rac1 Qd6 22. Qc2 Bc8 23. Bxc5 Bxc5 24. Qxc5 Qxc5 25. Rxc5 Bd7 26. Rdc1 Bxa4 27. Rxc7 Rxc7 28. Rxc7 $14 {[%emt 0:00:02][%mdl 4096] Endgame KRB-KRB} Ra8 $1 {[%emt 0:01:25] Prevents Ra7. The position is equal.} 29. d6 {[%emt 0:06:00] [#] And now d7 would win.} Kf8 30. Bh3 Rd8 31. Rc5 Rxd6 32. Rxa5 Bc2 33. Rxe5 Rd4 34. f3 Rd1+ 35. Kf2 Rd2+ 36. Ke3 Rxh2 37. Bd7 {[%emt 0:01:07][%csl Gd7][%cal Re5e8] [#]} g6 38. Rb5 {[%emt 0:01:09] Threatens to win with Rb2.} Bd1 39. Bc6 Ra2 40. Bd5 Ra7 41. Rb1 Ra3+ 42. Kd4 Bxf3 43. Rb7 {[%emt 0:05:36] Against Ra7} f5 ({Much less strong is} 43... Ra4+ 44. Ke5 Ra3 45. Rxf7+ Ke8 46. Rc7 $16) 44. Ke5 Bxe4 45. Bxe4 fxe4 46. Kxe4 $11 {[%emt 0:00:03] KR-KR} Kg8 47. g4 Ra1 48. Kf4 Rf1+ 49. Kg5 Rf7 50. Rxf7 Kxf7 51. Kh6 Kg8 52. g5 Kh8 {[%emt 0:00:04] Weighted Error Value: White=0.03 (flawless) /Black=0.03 (flawless)} 1/2-1/2

[Event "Czech Championship 2022"]
[Site "Usti nad Labem"]
[Date "2022.05.15"]
[Round "2.21"]
[White "Sykora, Ondrej"]
[Black "Nytra, Ondrej"]
[Result "0-1"]
[ECO "C44"]
[WhiteElo "2092"]
[BlackElo "2219"]
[Annotator "TA"]
[PlyCount "42"]
[EventDate "2022.05.12"]
[EventType "swiss"]
[EventCountry "CZE"]
[SourceTitle "playchess.com"]
[Source "ChessBase"]
[SourceQuality "1"]
[TimeControl "40/5400+30:1800+30"]

1. e4 e5 2. Nf3 Nc6 3. c3 d5 4. Qa4 Bd7 5. exd5 Nd4 6. Qd1 Nxf3+ 7. Qxf3 Nf6 8. h3 {[%emt 0:04:40] [#] C44: Ponziani Opening and Scotch Gambit.} c6 $146 ({Predecessor:} 8... e4 9. Qd1 Nxd5 10. d3 exd3 11. Bxd3 Qf6 12. Be4 Be6 13. Qa4+ c6 14. O-O Nb6 15. Qc2 Bd6 16. Nd2 O-O-O 17. Nf3 h6 18. Be3 Rhe8 {½-½ (18) Gavarrete,N (2379)-Gines Esteo,P (2470) Zaragoza 2021}) 9. Qg3 Bd6 ({But not} 9... cxd5 10. Qxe5+ Be7 11. d4 $11) 10. Qxg7 {[%emt 0:02:53] Black is slightly better.} Rg8 11. Qh6 Rg6 12. Qh4 cxd5 {[%emt 0:00:25] Hoping for ...Be7.} 13. Na3 (13. d4 $11 {keeps the balance.}) 13... Qb6 {[%emt 0:11:20] [#] Threatens to win with ...Be7. Black is more active.} 14. g4 $2 (14. Nc2 $17 {is more resistant.}) 14... Ne4 $19 {[%emt 0:01:25] Black is clearly winning.} 15. Rh2 Bxa3 16. Qxh7 Ng5 17. Qh8+ Bf8 18. Be2 {[%emt 0:00:33] Inhibits Nf3+.} O-O-O {[%emt 0:01:24] [#] White must now prevent ...Bd6.} ({Weaker is} 18... Qf6 19. Qxf6 Rxf6 20. d4 Nf3+ 21. Bxf3 Rxf3 22. dxe5 $17) 19. d3 Bh6 20. Qxe5 Nf3+ 21. Bxf3 Re6 {[%emt 0:00:38] Black took control after the opening.  Weighted Error Value: White=1.02/Black=0.32} 0-1

[Event "Czech Championship 2022"]
[Site "Usti nad Labem"]
[Date "2022.05.15"]
[Round "2.22"]
[White "Babula, Vlastimil jr"]
[Black "Ocelak, Jakub"]
[Result "0-1"]
[ECO "C10"]
[WhiteElo "2217"]
[BlackElo "2060"]
[Annotator "TA"]
[PlyCount "92"]
[EventDate "2022.05.12"]
[EventType "swiss"]
[EventCountry "CZE"]
[SourceTitle "playchess.com"]
[Source "ChessBase"]
[SourceQuality "1"]
[TimeControl "40/5400+30:1800+30"]

1. e4 e6 2. d4 d5 3. Nc3 Nc6 4. e5 f6 5. exf6 Nxf6 6. Nf3 {[%emt 0:01:17] C10: French with 3 Nc3: Unusual Black 3rd moves and 3...dxe4.} Bd6 7. Bg5 O-O 8. Be2 {[%emt 0:01:38] The position is equal.} Bd7 9. O-O {[%emt 0:02:48] [#]} Be8 $146 ({Predecessor:} 9... a6 10. Re1 Qe8 11. Qd2 Nh5 12. Ne5 Nxe5 13. Bxh5 Qxh5 14. dxe5 Bb4 15. a3 Bxc3 16. bxc3 {0-1 (79) Bochis,J (2151)-Akermann,T (2123) Baden 2017}) 10. Nb5 a6 11. Nxd6 cxd6 12. c4 dxc4 13. Bxc4 d5 14. Be2 Qb6 15. Qb3 Qxb3 16. axb3 Ne4 {[%emt 0:04:36][%cal Of8f3] Strongly threatening ...Rxf3!} 17. Be3 Bh5 18. h3 Bxf3 19. Bxf3 Rxf3 20. gxf3 $11 Nd6 21. Rfd1 Rf8 {[%emt 0:01:16] Prevents Bf4.} 22. f4 Kf7 23. Kf1 Ke7 24. Ke2 Kd7 25. Kd3 Nf5 26. f3 $2 {[%emt 0:05:12][%mdl 8192] [#]} (26. Rd2 $11 {and White is okay.}) 26... Nb4+ $1 $19 {[%emt 0:07:43][%mdl 64] Deflection. Pair of Knights!} 27. Kc3 (27. Kd2 {keeps fighting.} Nxe3 28. Kxe3 Nc2+ 29. Kf2 Nxa1 30. Rxa1) 27... Nxe3 28. Rg1 {[%emt 0:00:04] [#]} g6 29. Kxb4 {[%emt 0:01:02][%mdl 4096] Endgame KRR-KRN} Nc2+ 30. Kc3 Nxa1 31. Rxa1 Rxf4 {[%emt 0:00:03] KR-KR} 32. Rf1 Rh4 33. Rh1 Rf4 34. Rf1 Kd6 35. Kd3 e5 36. dxe5+ Kxe5 37. Re1+ Kd6 38. Rf1 Rb4 39. Kc3 Rh4 40. Rh1 Ke5 41. Kd3 Rd4+ 42. Kc3 (42. Kc2 {was the only defense.}) 42... Rf4 43. Re1+ Kf6 44. Rf1 Kg5 45. Kd3 Kh4 46. Ke2 Rb4 {[%emt 0:01:47] Weighted Error Value: White=0.36/Black=0.17 (very precise)} 0-1

[Event "Czech Championship 2022"]
[Site "Usti nad Labem"]
[Date "2022.05.15"]
[Round "2.23"]
[White "Jun, Rudolf"]
[Black "Sura, Jaroslav"]
[Result "1/2-1/2"]
[ECO "B06"]
[WhiteElo "2183"]
[BlackElo "2010"]
[Annotator "TA"]
[PlyCount "135"]
[EventDate "2022.05.12"]
[EventType "swiss"]
[EventCountry "CZE"]
[SourceTitle "playchess.com"]
[Source "ChessBase"]
[SourceQuality "1"]
[TimeControl "40/5400+30:1800+30"]

1. e4 g6 2. d4 Bg7 3. f4 d6 4. Nf3 Nd7 5. Bc4 e6 6. O-O {[%emt 0:00:46][%cal Of4f5] B06: Modern Defence.} Ne7 {[%emt 0:00:39][%cal Bg8e7,Be7f5,Bf5e3,Be3g4][%mdl 32] Against f5} 7. f5 Nb6 {[%emt 0:09:06] [#]} (7... gxf5 $11 {remains equal.} 8. Nc3 O-O) 8. Ng5 {[%emt 0:08:12] [#] White is more active.} Nxc4 $146 ({Predecessor:} 8... gxf5 9. Qh5 Bxd4+ 10. Kh1 Ng6 11. exf5 Nxc4 12. Nxf7 Qf6 13. Nxh8 exf5 14. Nxg6 hxg6 {1-0 (35) Freitag,J (2068)-Werremeyer,A (1781) Germany 2007}) 9. f6 {[%emt 0:01:00] [#]} Bxf6 10. Rxf6 {[%emt 0:00:30] [#]} Nf5 $1 11. Rxf7 Nfe3 12. Qf3 Qxg5 $17 13. b3 {[%emt 0:06:30] [#]} Qg4 14. Qxg4 $15 (14. bxc4 Qxf3 15. Rxf3 Nxc2 $17) 14... Nxg4 {[%emt 0:00:28] Pair of Knights!} 15. Rf3 {[%emt 0:00:32] [#]} e5 $1 16. d5 Nb6 {[%emt 0:06:03] Threatens to win with ...Rf8.} 17. h3 {[%emt 0:00:18] [#]} Rf8 $1 18. Rxf8+ (18. hxg4 Bxg4) 18... Kxf8 19. hxg4 Bxg4 20. Bh6+ Ke7 21. c4 a5 (21... Kf6 $17 {And now ...g5 would win.} 22. Be3 Nd7) 22. a4 (22. Nc3 $11) 22... Nd7 $17 23. Nc3 Nc5 24. Rf1 Bd7 (24... Nxb3 $6 25. Bg5+ Ke8 26. Nb5 $11) 25. Bg5+ Ke8 26. Bh6 Ke7 {[%emt 0:00:05] Prevents Rf8.} (26... Rd8 $17 27. Rb1 b6) 27. Bg5+ $11 Ke8 28. Be3 (28. Bh6 $11 Rc8 29. Rb1) 28... b6 $17 ({Weaker is} 28... Nxb3 29. Rb1 Nd4 30. Rxb7 $15) 29. Bh6 {[%emt 0:01:35] aiming for Rf8+.} Ke7 {[%emt 0:00:30] Against Rf8} ({Black should try} 29... Rc8 $17 30. Rb1 Kf7 31. Rf1+ Kg8) 30. Kh2 $2 (30. Bg5+ $11 Ke8 31. Bh6) 30... Rg8 {[%emt 0:00:38] Hoping for ...g5.} 31. Bg5+ Ke8 32. Rb1 Nd3 33. Rf1 Nc5 34. Rb1 Nd3 ({Better is} 34... Rf8 $17 {White must now prevent ...Rf2.} 35. Kg3 h5) 35. Kg3 $2 (35. Rf1 $1 $11 {and White is okay.}) 35... Rf8 $19 36. Rh1 Rf7 37. Be3 Nf4 38. Bxf4 (38. Nb5 $142 Bxb5 39. cxb5) 38... exf4+ {[%emt 0:00:05][%mdl 4096] Endgame KRB-KRN} 39. Kf2 h5 40. e5 (40. Nb5 $142 Bg4 41. Re1) 40... dxe5 41. Re1 Rf5 42. Ne4 Ke7 43. Rd1 g5 {[%emt 0:00:00] Strongly threatening ...c5.} 44. d6+ Kd8 45. c5 Bc6 46. dxc7+ Kxc7 47. Nd6 Rf8 48. cxb6+ Kxb6 49. Nc4+ Kc7 {[%emt 0:00:00] ...e4 is the strong threat.} 50. Nxe5 g4 51. Rc1 Rf6 52. Rc4 $2 {[%emt 0:00:00][%mdl 8192] [#]} (52. Kg1 $17) 52... g3+ $1 53. Ke2 {[%emt 0:00:00] [#]} Kb6 ({Not} 53... Re6 54. Rxc6+ Rxc6 55. Nxc6 Kxc6 56. Kf3 $11) (53... Kb7 $1 $19 54. Kf1 (54. Nxc6 $2 f3+ 55. gxf3 Rxc6 $19) 54... Bd5) 54. Rxc6+ $11 {[%emt 0:00:00] The position is equal.} ({Don't go for} 54. Nxc6 $2 f3+ 55. gxf3 Rxc6 $19) 54... Rxc6 55. Nxc6 Kxc6 {[%emt 0:00:00] KP-KP} 56. Kf3 Kc5 57. Kxf4 Kb4 (57... h4 $5 58. Kg4 Kb4 59. Kxh4 Kxb3 60. Kxg3 Kxa4 $11) 58. Kxg3 Kxb3 59. Kh4 Kxa4 60. Kxh5 {[%emt 0:00:00] KP-KP} Kb4 61. g4 a4 62. g5 a3 {[%emt 0:00:02] ( -> ...a2)} 63. g6 a2 64. g7 a1=Q 65. g8=Q Qh1+ 66. Kg6 Qg2+ 67. Kf7 Qxg8+ 68. Kxg8 {[%emt 0:00:00] Black had all chances to win.  Weighted Error Value: White=0.38/Black=0.33} 1/2-1/2

[Event "Czech Championship 2022"]
[Site "Usti nad Labem"]
[Date "2022.05.15"]
[Round "2.24"]
[White "Bokhnak, Timofey"]
[Black "Krivanek, Vladimir"]
[Result "0-1"]
[ECO "B06"]
[WhiteElo "2060"]
[BlackElo "2180"]
[Annotator "TA"]
[PlyCount "100"]
[EventDate "2022.05.12"]
[EventType "swiss"]
[EventCountry "CZE"]
[SourceTitle "playchess.com"]
[Source "ChessBase"]
[SourceQuality "1"]
[TimeControl "40/5400+30:1800+30"]

1. e4 g6 2. d4 Bg7 3. c3 b6 4. Be3 Bb7 5. Nd2 d6 6. Bc4 {[%emt 0:00:00] B06: Modern Defence.} Nf6 7. f3 O-O 8. Ne2 {[%emt 0:00:00] [#] The position is equal.} d5 $146 ({Predecessor:} 8... e5 9. dxe5 dxe5 10. Qc2 Qe7 11. O-O-O Nc6 12. g4 Na5 13. Bd3 Rad8 14. Ng3 c5 {0-1 (32) Sepulveda,L-Veloso,P (2035) Brasilia 1993}) 9. Bd3 dxe4 10. Nxe4 Nd5 11. Bd2 Nd7 12. O-O e5 13. c4 Ne7 14. d5 h6 15. Bb4 f5 16. N4c3 Rf6 17. Qb3 Kh8 18. Rad1 Nc8 19. f4 a5 20. fxe5 Nxe5 21. Ba3 Nd6 22. Nf4 Ba6 23. Nb5 a4 24. Qc2 Nxd3 25. Qxd3 {[%emt 0:00:00] aiming for Bxd6.} Bxb5 26. cxb5 {[%emt 0:00:00] Hoping for Rc1.} Qd7 $1 27. Ne6 (27. Bxd6 $14 Rxd6 28. b4) 27... Nxb5 $11 28. Bb4 c5 29. Be1 Rxe6 (29... Re8 $15) 30. dxe6 $14 Qxd3 31. Rxd3 Re8 32. Bc3 Rxe6 33. Bxg7+ Kxg7 {[%emt 0:00:01][%mdl 4096] Endgame KRR-KRN} 34. Rfd1 Nd4 35. R3d2 Re4 36. Kf1 Rh4 37. h3 g5 38. Re1 Kf7 39. Re3 h5 40. Rf2 g4 41. Ra3 Kf6 42. Rxa4 $2 {[%emt 0:00:00][%mdl 8192] [#] White does not recover from this.} (42. Re3 $11 {and White is okay.}) 42... g3 $1 $19 ({Stronger than} 42... gxh3 43. gxh3 Rxh3 44. Ra6 $11) 43. Rd2 (43. Rxd4 Rxd4 44. Rc2) 43... Rf4+ 44. Ke1 {[%emt 0:00:00] [#]} Nf3+ $1 45. gxf3 Rxa4 {[%emt 0:00:05] KR-KR} 46. Kf1 Ke5 47. b3 Rd4 48. Re2+ Kf4 49. Kg2 h4 {[%emt 0:00:12] Threatens to win with ...Rd3.} 50. Rc2 Ke3 {[%emt 0:00:30] Weighted Error Value: White=0.80/Black=0.08 (flawless)} 0-1